[ AOE2 MATCH · #506019414 ]
UnrankedBurgundians vs Burmese
Rival team · WIN
[ REPLAY ANALYSIS · EXTRACTED FROM THE RECORDED GAME ]
Feudal
8:52
Castle
21:44
Imperial
—
| APM avg | 65.2 |
| APM peak | 111 |
| eAPM avg | 38.0 |
| Villagers / military | 79 / 49 |
Focus
⚔️ 53.8% · 🌾 46.2%
Skirmisher ×26 · Mangonel ×6 · Archer ×5 · Flemish Militia ×5 · Scout Cavalry ×4 · Spearman ×2
Feudal
11:01
Castle
20:32
Imperial
—
| APM avg | 51.3 |
| APM peak | 77 |
| eAPM avg | 27.8 |
| Villagers / military | 69 / 54 |
Focus
⚔️ 48.7% · 🌾 51.3%
Archer ×34 · Monk ×8 · Mangonel ×6 · Militia ×3 · Spearman ×2 · Battering Ram ×1
Match map
Initial resources + every placement click. Lines = walls · curves = elevation contours. ◆ gold · ⬟ stone · ● berries · ✦ relic · ◌ wall gap
Your base· ✓ Closed at 21:44 · 10t walls · no gate
DaddySt4rk's base· Open — opponent sealed themselves in
Smoothed initial terrain · ◌ = detected wall gap · hover for details
Inputs per minute
— Clearlove - - DaddySt4rk
Build order — Clearlove
First 150 of 239 actions detected
| 0:00 | Create | Villager (Male) |
| 0:00 | Create | Villager (Male) |
| 0:02 | Build | House |
| 0:02 | Build | House |
| 0:08 | Create | Villager (Male) |
| 0:13 | Create | Villager (Male) |
| 1:33 | Create | Villager (Male) |
| 1:58 | Create | Villager (Male) |
| 2:14 | Build | Lumber Camp |
| 2:15 | Create | Villager (Male) |
| 2:15 | Create | Villager (Male) |
| 2:53 | Create | Villager (Male) |
| 2:53 | Create | Villager (Male) |
| 3:04 | Research | Double-Bit Axe |
| 3:17 | Create | Villager (Male) |
| 3:42 | Create | Villager (Male) |
| 3:49 | Build | House |
| 3:54 | Create | Villager (Male) |
| 3:55 | Create | Villager (Male) |
| 4:30 | Create | Villager (Male) |
| 4:30 | Create | Villager (Male) |
| 4:31 | Create | Villager (Male) |
| 5:25 | Create | Villager (Male) |
| 5:49 | Create | Villager (Male) |
| 5:56 | Build | Mill |
| 6:17 | Create | Villager (Male) |
| 6:33 | Research | Feudal Age |
| 6:34 | Research | Feudal Age |
| 6:50 | Build | Palisade Wall |
| 6:51 | Build | Palisade Wall |
| 7:11 | Build | Palisade Wall |
| 7:11 | Build | Palisade Wall |
| 7:14 | Build | House |
| 7:16 | Build | Palisade Wall |
| 7:20 | Create | Villager (Male) |
| 7:25 | Build | Palisade Wall |
| 7:48 | Build | Mining Camp |
| 8:03 | Build | Barracks |
| 8:52 | Age | Feudal Age |
| 8:58 | Create | Flemish Militia |
| 8:59 | Build | Palisade Wall |
| 9:01 | Research | Bow Saw |
| 9:05 | Create | Villager (Male) |
| 9:10 | Build | House |
| 9:14 | Create | Spearman |
| 9:17 | Create | Flemish Militia |
| 9:33 | Create | Flemish Militia |
| 9:41 | Create | Villager (Male) |
| 9:46 | Create | Villager (Male) |
| 10:04 | Create | Villager (Male) |
| 10:06 | Build | Archery Range |
| 10:10 | Build | Farm |
| 10:13 | Create | Villager (Male) |
| 10:25 | Build | House |
| 10:55 | Build | Mining Camp |
| 10:55 | Create | Archer |
| 10:57 | Create | Villager (Male) |
| 11:10 | Create | Villager (Male) |
| 11:11 | Build | Palisade Wall |
| 11:12 | Create | Villager (Male) |
| 11:13 | Build | Farm |
| 11:16 | Create | Archer |
| 11:18 | Build | House |
| 11:19 | Build | Palisade Wall |
| 11:31 | Build | Farm |
| 11:48 | Build | Farm |
| 12:00 | Create | Archer |
| 12:02 | Create | Villager (Male) |
| 12:06 | Build | House |
| 12:16 | Build | Farm |
| 12:17 | Build | Farm |
| 12:25 | Create | Flemish Militia |
| 12:30 | Create | Villager (Male) |
| 12:41 | Build | Watch Tower |
| 12:56 | Create | Villager (Male) |
| 12:59 | Build | Blacksmith |
| 13:02 | Build | House |
| 13:07 | Build | Farm |
| 13:14 | Build | Farm |
| 13:23 | Build | House |
| 13:28 | Create | Flemish Militia |
| 13:31 | Create | Villager (Male) |
| 13:32 | Build | House |
| 13:43 | Build | Palisade Wall |
| 13:45 | Build | Palisade Wall |
| 13:53 | Research | Fletching |
| 13:59 | Build | House |
| 14:31 | Build | Watch Tower |
| 14:39 | Research | Padded Archer Armor |
| 14:40 | Create | Villager (Male) |
| 14:43 | Build | House |
| 14:57 | Build | Watch Tower |
| 15:15 | Create | Villager (Male) |
| 15:16 | Create | Villager (Male) |
| 15:22 | Create | Archer |
| 15:29 | Build | House |
| 15:29 | Create | Villager (Male) |
| 15:29 | Create | Villager (Male) |
| 15:31 | Build | House |
| 15:32 | Build | House |
| 15:34 | Build | Farm |
| 15:39 | Build | Farm |
| 15:41 | Build | Farm |
| 15:51 | Create | Villager (Male) |
| 15:51 | Create | Archer |
| 15:56 | Build | House |
| 15:59 | Build | House |
| 16:02 | Create | Skirmisher |
| 16:09 | Build | Farm |
| 16:10 | Build | Farm |
| 16:12 | Build | Farm |
| 16:28 | Research | Loom |
| 16:39 | Create | Villager (Male) |
| 16:45 | Build | Farm |
| 16:55 | Create | Villager (Male) |
| 17:04 | Create | Skirmisher |
| 17:29 | Build | Lumber Camp |
| 17:32 | Create | Skirmisher |
| 17:45 | Create | Villager (Male) |
| 17:52 | Build | Farm |
| 17:58 | Create | Skirmisher |
| 18:07 | Create | Villager (Male) |
| 18:22 | Build | Farm |
| 18:35 | Create | Villager (Male) |
| 18:36 | Build | Farm |
| 19:04 | Research | Castle Age |
| 19:04 | Research | Castle Age |
| 19:17 | Create | Skirmisher |
| 19:31 | Research | Gold Mining |
| 19:41 | Create | Skirmisher |
| 19:51 | Create | Spearman |
| 20:02 | Research | Wheelbarrow |
| 20:16 | Create | Skirmisher |
| 20:31 | Create | Skirmisher |
| 20:39 | Build | Farm |
| 20:40 | Create | Skirmisher |
| 21:44 | Age | Castle Age |
| 21:53 | Build | Town Center |
| 21:56 | Research | Bodkin Arrow |
| 22:04 | Research | Elite Skirmisher (upgrade) |
| 22:21 | Create | Skirmisher |
| 22:24 | Research | Leather Archer Armor |
| 22:27 | Create | Villager (Male) |
| 22:27 | Create | Villager (Male) |
| 22:30 | Build | House |
| 22:32 | Build | House |
| 22:41 | Create | Villager (Male) |
| 22:44 | Create | Villager (Male) |
| 23:14 | Build | Siege Workshop |
| 23:23 | Create | Skirmisher |
Build order — DaddySt4rk
First 150 of 247 actions detected
| 0:02 | Create | Villager (Male) ×4 |
| 0:03 | Build | House |
| 0:05 | Build | House |
| 1:30 | Create | Villager (Male) |
| 1:45 | Create | Villager (Male) |
| 2:24 | Create | Villager (Male) |
| 2:28 | Create | Villager (Male) |
| 2:41 | Build | House |
| 3:15 | Create | Villager (Male) |
| 3:18 | Create | Villager (Male) |
| 3:19 | Build | Barracks |
| 3:50 | Build | House |
| 4:09 | Create | Villager (Male) |
| 4:11 | Create | Militia |
| 4:15 | Build | House |
| 4:36 | Create | Militia |
| 4:38 | Create | Villager (Male) |
| 4:44 | Create | Militia |
| 4:57 | Create | Villager (Male) |
| 5:18 | Create | Villager (Male) |
| 5:43 | Create | Villager (Male) |
| 5:50 | Build | Lumber Camp |
| 6:17 | Create | Villager (Male) |
| 6:45 | Create | Villager (Male) |
| 7:05 | Create | Villager (Male) |
| 7:13 | Create | Villager (Male) |
| 7:33 | Build | Mill |
| 7:51 | Create | Villager (Male) |
| 7:52 | Research | Loom |
| 8:10 | Build | Mining Camp |
| 8:23 | Build | Palisade Wall |
| 8:28 | Build | Palisade Wall |
| 8:42 | Research | Feudal Age |
| 9:04 | Build | House |
| 9:32 | Build | Palisade Wall |
| 10:05 | Build | Palisade Wall |
| 10:07 | Build | Palisade Wall |
| 10:09 | Build | Palisade Wall |
| 10:11 | Build | Palisade Wall |
| 10:11 | Build | Palisade Wall |
| 10:12 | Build | Palisade Wall |
| 10:24 | Build | Palisade Wall |
| 10:25 | Build | Palisade Wall |
| 10:26 | Build | Palisade Wall |
| 10:28 | Build | Palisade Wall |
| 10:31 | Build | Palisade Wall |
| 10:33 | Build | Palisade Wall |
| 10:33 | Build | Palisade Wall |
| 10:34 | Build | Palisade Wall |
| 10:45 | Build | Palisade Wall |
| 10:46 | Build | Palisade Wall |
| 10:47 | Build | Palisade Wall |
| 10:47 | Build | Palisade Wall |
| 10:48 | Build | Palisade Wall |
| 10:48 | Build | Palisade Wall |
| 10:52 | Build | Palisade Wall |
| 10:53 | Build | Palisade Wall |
| 10:59 | Build | Palisade Wall |
| 11:00 | Build | Palisade Wall |
| 11:01 | Age | Feudal Age |
| 11:01 | Build | Palisade Wall |
| 11:03 | Create | Villager (Male) |
| 11:05 | Build | Archery Range |
| 11:22 | Create | Villager (Male) |
| 11:25 | Build | House |
| 11:28 | Build | Palisade Gate |
| 11:50 | Create | Archer |
| 11:50 | Create | Archer |
| 11:51 | Build | Farm |
| 11:51 | Create | Villager (Male) |
| 11:53 | Build | Farm |
| 12:11 | Build | Farm |
| 12:16 | Create | Villager (Male) |
| 12:21 | Build | Palisade Wall |
| 12:22 | Build | Palisade Wall |
| 12:22 | Build | Palisade Wall |
| 12:27 | Build | Palisade Wall |
| 12:29 | Create | Archer |
| 12:38 | Create | Villager (Male) |
| 12:41 | Build | Farm |
| 12:48 | Build | House |
| 13:00 | Create | Villager (Male) |
| 13:04 | Build | Palisade Wall |
| 13:26 | Build | Blacksmith |
| 13:30 | Create | Villager (Male) |
| 13:35 | Build | Blacksmith |
| 13:39 | Create | Archer |
| 13:41 | Create | Archer |
| 13:52 | Build | Farm |
| 13:55 | Create | Villager (Male) |
| 14:04 | Build | Watch Tower |
| 14:11 | Build | Farm |
| 14:21 | Build | House |
| 14:24 | Research | Fletching |
| 14:31 | Create | Villager (Male) |
| 14:34 | Build | Farm |
| 14:50 | Create | Villager (Male) |
| 14:54 | Create | Archer |
| 14:58 | Build | Farm |
| 15:25 | Create | Archer |
| 15:50 | Create | Villager (Male) |
| 15:57 | Create | Archer |
| 15:59 | Build | House |
| 16:02 | Build | Lumber Camp |
| 16:05 | Create | Villager (Male) |
| 16:16 | Create | Archer |
| 16:21 | Build | Farm |
| 16:22 | Build | Farm |
| 16:38 | Build | House |
| 16:40 | Create | Villager (Male) |
| 16:51 | Build | Farm |
| 16:54 | Build | House |
| 16:59 | Build | Palisade Wall |
| 17:07 | Build | Farm |
| 17:08 | Create | Villager (Male) |
| 17:16 | Build | Palisade Gate |
| 17:20 | Create | Archer |
| 17:43 | Build | Farm |
| 17:44 | Build | Farm |
| 17:52 | Create | Archer |
| 17:52 | Research | Castle Age |
| 17:52 | Research | Castle Age |
| 18:13 | Create | Archer |
| 18:21 | Build | Archery Range |
| 18:32 | Build | House |
| 18:49 | Create | Archer |
| 18:49 | Create | Archer |
| 18:54 | Research | Padded Archer Armor |
| 19:01 | Build | Lumber Camp |
| 19:12 | Build | House |
| 19:20 | Create | Archer |
| 19:20 | Create | Archer |
| 19:25 | Research | Town Watch |
| 19:25 | Create | Villager (Male) |
| 19:27 | Research | Gold Mining |
| 19:38 | Create | Archer |
| 19:46 | Research | Horse Collar |
| 20:03 | Build | House |
| 20:07 | Build | House |
| 20:27 | Build | House |
| 20:32 | Age | Castle Age |
| 20:35 | Research | Crossbowman (upgrade) |
| 20:39 | Build | Siege Workshop |
| 20:49 | Research | Bodkin Arrow |
| 21:04 | Build | Mining Camp |
| 21:15 | Create | Villager (Male) |
| 21:29 | Create | Battering Ram |
| 21:34 | Build | Monastery |
| 21:58 | Create | Mangonel |
| 22:05 | Create | Villager (Male) |
Match timeline
| 3:19 | DaddySt4rk · first_building Barracks |
| 6:50 | Clearlove · wall_segment Palisade Wall x1 |
| 6:51 | Clearlove · wall_segment Palisade Wall x1 |
| 7:11 | Clearlove · wall_segment Palisade Wall x1 |
| 7:11 | Clearlove · wall_segment Palisade Wall x1 |
| 7:16 | Clearlove · wall_segment Palisade Wall x1 |
| 7:25 | Clearlove · wall_segment Palisade Wall x1 |
| 8:03 | Clearlove · first_building Barracks |
| 8:23 | DaddySt4rk · wall_segment Palisade Wall x4 |
| 8:28 | DaddySt4rk · wall_segment Palisade Wall x2 |
| 8:52 | Clearlove · age_up feudal |
| 8:59 | Clearlove · wall_segment Palisade Wall x1 |
| 9:32 | DaddySt4rk · wall_segment Palisade Wall x1 |
| 10:05 | DaddySt4rk · wall_segment Palisade Wall x1 |
| 10:06 | Clearlove · first_building Archery Range |
| 10:07 | DaddySt4rk · wall_segment Palisade Wall x1 |
| 10:09 | DaddySt4rk · wall_segment Palisade Wall x1 |
| 10:11 | DaddySt4rk · wall_segment Palisade Wall x1 |
| 10:11 | DaddySt4rk · wall_segment Palisade Wall x1 |
| 10:12 | DaddySt4rk · wall_segment Palisade Wall x1 |
| 10:24 | DaddySt4rk · wall_segment Palisade Wall x1 |
| 10:25 | DaddySt4rk · wall_segment Palisade Wall x1 |
| 10:26 | DaddySt4rk · wall_segment Palisade Wall x1 |
| 10:28 | DaddySt4rk · wall_segment Palisade Wall x1 |
| 10:31 | DaddySt4rk · wall_segment Palisade Wall x1 |
| 10:33 | DaddySt4rk · wall_segment Palisade Wall x1 |
| 10:33 | DaddySt4rk · wall_segment Palisade Wall x1 |
| 10:34 | DaddySt4rk · wall_segment Palisade Wall x1 |
| 10:45 | DaddySt4rk · wall_segment Palisade Wall x1 |
| 10:46 | DaddySt4rk · wall_segment Palisade Wall x1 |
| 10:47 | DaddySt4rk · wall_segment Palisade Wall x1 |
| 10:47 | DaddySt4rk · wall_segment Palisade Wall x1 |
| 10:48 | DaddySt4rk · wall_segment Palisade Wall x1 |
| 10:48 | DaddySt4rk · wall_segment Palisade Wall x1 |
| 10:52 | DaddySt4rk · wall_segment Palisade Wall x1 |
| 10:53 | DaddySt4rk · wall_segment Palisade Wall x1 |
| 10:59 | DaddySt4rk · wall_segment Palisade Wall x1 |
| 11:00 | DaddySt4rk · wall_segment Palisade Wall x1 |
| 11:01 | DaddySt4rk · age_up feudal |
| 11:01 | DaddySt4rk · wall_segment Palisade Wall x1 |
| 11:05 | DaddySt4rk · first_building Archery Range |
| 11:11 | Clearlove · wall_segment Palisade Wall x1 |
| 11:19 | Clearlove · wall_segment Palisade Wall x1 |
| 12:21 | DaddySt4rk · wall_segment Palisade Wall x1 |
| 12:22 | DaddySt4rk · wall_segment Palisade Wall x1 |
| 12:22 | DaddySt4rk · wall_segment Palisade Wall x1 |
| 12:27 | DaddySt4rk · wall_segment Palisade Wall x6 |
| 13:04 | DaddySt4rk · wall_segment Palisade Wall x1 |
| 13:43 | Clearlove · wall_segment Palisade Wall x1 |
| 13:45 | Clearlove · wall_segment Palisade Wall x1 |
| 16:59 | DaddySt4rk · wall_segment Palisade Wall x7 |
| 20:32 | DaddySt4rk · age_up castle |
| 20:39 | DaddySt4rk · first_building Siege Workshop |
| 21:34 | DaddySt4rk · first_building Monastery |
| 21:44 | Clearlove · age_up castle |
| 23:14 | Clearlove · first_building Siege Workshop |
| 29:07 | Clearlove · first_building Monastery |
| 29:22 | Clearlove · first_building Stable |
| 31:45 | Clearlove · resign |
[ AI ANALYSIS · 1 CREDIT ]
What really happened in this match?
Wolo.gg analyzes every decision: build order, eco, micro, common mistakes by bracket. Personalized analysis on WhatsApp or Discord in 30 seconds.
Civ guide
Burgundians
Perfil
Jugador #7240746